 Dungeon Crawl Stone Soup version 0.29-a0-322-g68df515428 (webtiles) character file.

499 Oper80 the Sneak (level 7, 0/45 HPs)
             Began as an Octopode Enchanter on May 10, 2015.
             Slain by an ice beast (9 damage)
             ... on level 4 of the Dungeon on Apr 9, 2022.
             The game lasted 00:26:56 (5782 turns).

Oper80 the Sneak (Octopode Enchanter)               Turns: 5782, Time: 00:26:57

Health: 0/45       AC:  1    Str:  8    XL:     7   Next: 16%
Magic:  11/11      EV: 14    Int: 17    God:
Gold:   78         SH:  0    Dex: 13    Spells: 6/12 levels left

rFire   . . .      SeeInvis .   h - +1 short sword (vamp)
rCold   . . .      Faith    .   (no shield)
rNeg    . . .      Spirit   .   (helmet restricted)
rPois   .          Reflect  .   (no amulet)
rElec   .          Harm     .   (no ring)
rCorr   .          Rampage  .   (no ring)
Will    .....                   (no ring)
Stlth   ++++......              (no ring)
HPRegen 0.15/turn               (no ring)
MPRegen 0.12/turn               (no ring)
                                (no ring)
                                (no ring)

@: no status effects
A: almost no armour, amphibious, 8 rings, camouflage 1, gelatinous body 1,
(nimble swimmer 1), tentacles, robust 1
a: no special abilities


You were on level 4 of the Dungeon.
You visited 1 branch of the dungeon, and saw 4 of its levels.

You collected 144 gold pieces.
You spent 66 gold pieces at shops.

Inventory:

Hand Weapons
 a - a +1 dagger
 h - a +1 vampiric short sword (weapon)
Scrolls
 b - a scroll of removedness
 e - 2 scrolls of silence {unknown}
 f - a scroll of removedness
 i - a scroll of amnesia {unknown}
 j - 2 scrolls of holy word {unknown}
 k - a scroll of fear {unknown}
 l - a scroll of removedness
 n - a scroll of magic mapping {unknown}
 p - 2 scrolls of enchant armour {unknown}
 r - 3 scrolls of teleportation {unknown}
 s - a scroll of identify
Potions
 d - a potion of might
 g - 2 potions of attraction
 m - 2 potions of brilliance
Comestibles
 c - 2 removed foods


   Skills:
 - Level 0.2 Fighting
 + Level 2.3(2.5) Short Blades
 + Level 1.5(2.1) Long Blades
 + Level 3.4 Dodging
 + Level 5.9 Stealth
 + Level 3.0 Spellcasting
 * Level 4.5 Hexes
 * Level 2.4 Ice Magic


You had 6 spell levels left.
You knew the following spells:

 Your Spells              Type           Power      Damage    Failure   Level
a - Corona                Hex            17%        N/A       2%          1
b - Ensorcelled Hibernat  Hex/Ice        28%        N/A       6%          2
c - Tukima's Dance        Hex            17%        N/A       9%          3

Your spell library contained the following spells:

 Spells                   Type           Power      Damage    Failure   Level
 Beastly Appendage        Tmut           4%         N/A       17%         1
 Foxfire                  Conj/Fire      8%         2x1d4     17%         1
 Static Discharge         Conj/Air       2%         N/A       26%         2
 Wereblood                Tmut           2%         N/A       26%         2
 Mephitic Cloud           Conj/Pois/Air  2%         N/A       45%         3
 Spider Form              Tmut/Pois      2%         N/A       45%         3
 Anguish                  Hex/Necr       5%         N/A       56%         4
 Dispel Undead            Necr           2%         3d7       86%         4
 Sticky Flame             Conj/Fire      2%         2d3       86%         4
 Alistair's Intoxication  Tmut/Pois      1%         N/A       99%         5
 Eringya's Noxious Bog    Tmut/Pois      1%         N/A       100%        6
 Enfeeble                 Hex            8%         N/A       100%        7


Dungeon Overview and Level Annotations

Branches:
Dungeon (4/15)
 Temple: D:4-7

Altars:
Elyvilon
Xom
Zin
The Shining One

Shops:
D:4 *


Innate Abilities, Weirdness & Mutations

You cannot wear most types of armour.
You are amphibious.
You can wear up to eight rings at the same time.
Your skin changes colour to match your surroundings (Stealth+).
Your rubbery body absorbs attacks. (AC +1, EV +1)
((You are camouflaged when in or above water. (Stealth+)))
You have tentacles for arms and can constrict up to eight enemies at once.
You are robust. (+10% HP)


Message History

You kill the orc!
No target in view!
No target in view!
m - 2 potions of brilliance You now have 78 gold pieces (gained 28).
Things that are here:
a +0 war axe; a +0 leather armour The orc shouts!
The orc closely misses you.
You hit the orc but do no damage. Your grab misses the orc.
The orc hits you with a +0 hand axe.
You hit the orc but do no damage. You grab the orc.
You constrict the orc, but do no damage.
The orc barely misses you.
You hit the orc.
You kill the orc!
You hit the ice beast but do no damage. Your squeeze misses the ice beast.
The ice beast hits you. The ice beast freezes you.
You hit the ice beast but do no damage. The ice beast hits you.
The ice beast freezes you!
You hit the ice beast.
Your tentacle-slap misses the ice beast.
The ice beast is lightly wounded.
The ice beast hits you. The ice beast freezes you!
* * * LOW HITPOINT WARNING * * *
You are too injured to fight recklessly!
Casting: Ensorcelled Hibernation (safe; 6% risk of failure)
Confirm with . or Enter, or press ? or * to list all spells.
You can't see any susceptible monsters within range! (Use Z to cast anyway.) Unknown command.
Unknown command.
Okay, then.
The ice beast attacks as you move away! The ice beast closely misses you.
Things that are here:
a +0 hand axe; a +0 ring mail; a scroll of identify The ice beast attacks as you move away!
The ice beast barely misses you. The ice beast attacks as you move away!
The ice beast hits you.
* * * LOW HITPOINT WARNING * * *
The ice beast freezes you!
You die...

......#.#.############.#.# #.####
....###.#.##...........#.###.#...
>†.........'.............(.......
.######.#.##...........#.###.#.#.
.######.#.##..[........#.###.#.##
.................................
.##.#.#.#.############.#.###.####
....#.#.#.############.#.###.#...
.##.#.#.#.#.....@Y...).......#.#.
.#<.#.#.#.#.##########.#.#...#.#.
)#..#.#.#.#.#........#.........#.
.#..#.#.#.#.#.######.#.......####
.#..#.#.#.#.#.....<#.#...........
......#.#.#.#).#.....#.#'#'#.####
.#..###.#......#.#...[.#.#.#.# #.
†#......#.....##.#.#####.#.#.# #.
.#.######........#.# #.#.#.# #.


You could see an ice beast.

Vanquished Creatures
  A necrophage (D:4)
  A scorpion (D:4)
  2 orc priests (D:4)
  3 hounds (D:4)
  An orc wizard (D:3)
  Robin (D:2)
  5 adders
  6 endoplasms
  3 worms (D:2)
  A dart slug (D:4)
  20 orcs
  2 giant cockroaches (D:3)
  19 goblins
  10 hobgoblins
  12 jackals
  8 kobolds
  A quokka (D:2)
  4 ball pythons
  6 bats
  5 frilled lizards
  6 rats
117 creatures vanquished.

Notes
Turn   | Place    | Note
-------+----------+-------------------------------------------
     0 | D:1      | Oper80, the Octopode Enchanter, began the quest for the
                  | Orb.
     0 | D:1      | Reached XP level 1. HP: 11/11 MP: 3/3
   163 | D:1      | Reached XP level 2. HP: 10/17 MP: 5/5
   167 | D:1      | Learned a level 2 spell: Ensorcelled Hibernation
   857 | D:1      | Reached XP level 3. HP: 17/21 MP: 3/6
   992 | D:2      | Found a shimmering altar of Xom.
  1086 | D:2      | HP: 1/21 [worm (7)]
  1532 | D:2      | Noticed Robin
  1547 | D:2      | Killed Robin
  1561 | D:2      | Reached XP level 4. HP: 21/27 MP: 7/7
  2354 | D:3      | Reached skill level 5 in Stealth
  2729 | D:3      | Reached XP level 5. HP: 31/31 MP: 5/8
  2819 | D:3      | Learned a level 3 spell: Tukima's Dance
  3399 | D:4      | Reached skill level 1 in Ice Magic
  3943 | D:4      | Found a white marble altar of Elyvilon.
  3943 | D:4      | Found a glowing silver altar of Zin.
  3943 | D:4      | Found a glowing golden altar of the Shining One.
  3974 | D:4      | Noticed an ice beast
  3992 | D:4      | Gained mutation: You are robust. (+10% HP) [potion of
                  | mutation]
  4341 | D:4      | Found Qagefuru's Assorted Antiques.
  4354 | D:4      | Reached XP level 6. HP: 26/39 MP: 8/10
  4451 | D:4      | Bought a scroll labelled EHIEB UZYU for 22 gold pieces
  4451 | D:4      | Bought a scroll labelled JEUQAHENIR for 22 gold pieces
  4451 | D:4      | Bought a scroll labelled JEUQAHENIR for 22 gold pieces
  4668 | D:4      | Reached skill level 1 in Long Blades
  5472 | D:4      | Reached XP level 7. HP: 37/45 MP: 11/11
  5596 | D:4      | Got the Grimoire of the Arsonist and Poison
  5782 | D:4      | Slain by an ice beast

Illustrated notes

Levels and vault maps discovered:
D:1:      tarquinn_simple_flora_water_e, feat_on_display
D:2:      wad_pebble_path, grunt_ministairs_7, minmay_misc_feat_hallway,
          xom_teletrap_fun, uniq_robin
D:3:      cheibrodos_greedy_goblins, layout_loops_ring
D:4:      layout_basic, good_gods_mini_temple, serial_shops,
          nicolae_shop_statue_plus

Skill      XL: |  1  2  3  4  5  6  7 |
---------------+----------------------+-----
Stealth        | 5 |  5.9
Ice Magic      | 1 2 |  2.4
Dodging        | 3 |  3.4
Hexes          | 4 |  4.5
Short Blades   | 2 |  2.3
Long Blades    | 1 |  1.5
Spellcasting   | 3 |  3.0
Fighting       | |  0.2

Action                   |  1- 3 |  4- 6 |  7- 9 || total
-------------------------+-------+-------+-------++-------
Melee: Dagger            |    55 |       |       ||    55
       Dagger            |    22 |    41 |       ||    63
       Constrict         |     7 |    36 |     4 ||    47
       Tentacles         |     5 |    25 |     4 ||    34
       Short sword       |       |   121 |    19 ||   140
       Punch             |       |     2 |     1 ||     3
 Cast: Ensorcelled Hiber |     7 |       |       ||     7
       Ensorcelled Hiber |       |    23 |       ||    23
       Tukima's Dance    |       |     1 |       ||     1
  Use: Potion            |     1 |    13 |       ||    14
       Scroll            |       |     3 |       ||     3
 Stab: Sleeping          |    10 |       |       ||    10
       Sleeping          |     1 |    20 |       ||    21
       Distracted        |       |     4 |     1 ||     5
Armor: Skin              |     2 |    17 |     1 ||    20
Dodge: Dodged            |     7 |   110 |    14 ||   131

Table legend: (Time is in decaauts)
 A = Elapsed time spent in this place.
 B = Non-inter-level travel time spent in this place.
 C = Inter-level travel time spent in this place.
 D = Time resting spent in this place.
 E = Time spent auto-exploring this place.
 F = Levels seen in this place.
 G = Mean time per level.
                   A        B        C        D        E       F      G
               +--------+--------+--------+--------+--------+-----+--------+
         Total |   4633 |   4574 |     59 |    667 |   2943 |   4 | 1158.2 |
       Dungeon |   4633 |   4574 |     59 |    667 |   2943 |   4 | 1158.2 |
               +--------+--------+--------+--------+--------+-----+--------+

Top non-repeatable levels by time:
     D:4: 1902 daAuts
     D:3: 1651 daAuts
     D:2: 837 daAuts
Note: time per level data comes from an upgraded game and may be incomplete.
